 Dungeon Sprint DCSS version 0.31-a0-806-g0bc164a743 (webtiles) character file.

Game seed: 9148850302916607177

14319 sircluck the Brawler (level 11, -1/132 HPs)
             Began as a Troll Berserker on Sept 21, 2023.
             Was the Champion of Trog.
             Slain by a swamp dragon (9 damage)
             ... in the Dungeon (Sprint III: "The Ten Rune Challenge").
             The game lasted 00:04:38 (998 turns).

sircluck the Brawler (Troll Berserker)               Turns: 998, Time: 00:04:38

Health: -1/132     AC:  5    Str: 35    XL:     11   Next: 87%
Magic:  10/10      EV: 13    Int:  2    God:    Trog [******]
Gold:   45         SH:  0    Dex:  8    Spells: 10/10 levels left

rFire   . .          .
                       - Unarmed
rCold   . . .        (no shield)
rNeg    . . .        a - +0 animal skin
rPois   .            p - +0 hat {SInv}
rElec   .            q - +0 cloak
rCorr   .            (gloves unavailable)
SInv    +            (boots unavailable)
Will    .....        (no amulet)
Stlth   +            (no ring)
HPRegen 1.22/turn    (no ring)
MPRegen 0.12/turn

%: no teleportation
@: confused, lethally poisoned (-1 -> -2)
A: large, unfitting armour, claws 3, regeneration 1, shaggy fur 1, tough skin 1,
strong 1
a: Renounce Religion, Berserk, Trog's Hand, Brothers in Arms


You were in the Dungeon.
You worshipped Trog.
Trog was exalted by your worship.
You visited 1 branch You collected 45 gold pieces.

Inventory:

Armour
 a - a +0 animal skin (worn)
 p - a +0 hat of see invisible (worn)
 q - a +0 cloak (worn)
 r - +0 swamp dragon scales
Wands
 h - a wand of flame (14)
Scrolls
 g - a scroll of blinking
 j - a scroll of poison {unknown}
 k - a scroll of amnesia {unknown}
 m - a scroll of torment {unknown}
 n - a scroll of fear {unknown}
Potions
 b - a potion of curing
 c - a potion of heal wounds
 d - a potion of haste
 e - 3 potions of magic
 f - 2 potions of berserk rage
 i - 6 potions of mutation
 l - 2 potions of enlightenment {unknown}
Miscellaneous
 o - a condenser vane


   Skills:
 + Level 15.2 Fighting
 + Level 15.0 Dodging
 + Level 17.6 Unarmed Combat


You had 10 spell levels left.
You didn't know any spells.
Your spell library was empty.

Dungeon Overview and Level Annotations

Branches:
Dungeon (1/1)

Altars:
Cheibriados
Dithmenos
Elyvilon
Fedhas
Gozag
Hepliaklqana
Kikubaaqudgha
Makhleb
Nemelex Xobeh
Okawaru
Qazlal
Ru
Sif Muna
Trog
Uskayaw
Vehumet
Wu Jian
Xom
Yredelemnul
Zin
The Shining One
Jiyva
Lugonu

Annotations:
D exclusion: 2 doors


Innate Abilities, Weirdness & Mutations

You are too large for most types of armour.
You have claws for hands.
Your natural rate of healing is unusually fast.
You are covered in fur. (AC +1)
You have tough skin. (AC +1)
Your muscles are strong. (Str +4, Int/Dex -1)


Message History

You hold your ground!
The swamp drake breathes poison at you.
The noxious blast engulfs you but does no damage.
You are poisoned.
You scratch the swamp dragon but do no damage.
The swamp dragon is almost dead.
You are engulfed in noxious fumes.
You feel sick. The swamp dragon completely misses you.
The swamp dragon misses you. The swamp dragon tramples you!
* * * LOW HITPOINT WARNING * * *
You hold your ground!
The swamp drake breathes poison at you. The noxious blast misses you.
You claw the swamp dragon!
The swamp dragon is almost dead.
You are engulfed in noxious fumes.
You choke on the stench!
You are confused.
You feel sick.
Unknown command.
Unknown command.
Unknown command.
You're too confused to move!
You are engulfed in noxious fumes.
You choke on the stench!
You are more confused.
You feel sick.
You are no longer poisoned.
The swamp dragon breathes poison at you.
The blast of poison engulfs you!
You are poisoned.
* * * LOW HITPOINT WARNING * * *
Unknown command.
Unknown command.
You feel much better.
You feel sick.
The swamp drake bites you but does no damage.
The swamp dragon bites you!
* * * LOW HITPOINT WARNING * * *
The swamp dragon claws you.
* * * LOW HITPOINT WARNING * * *
The swamp dragon tramples you!
You die...

▓..J#~~~...†..○☼..P♣
▓..J#~~~~..†PP○○..P♣
#+#############○####
#○♣♣ #♣°♣ ♣○♣♣ ♣♣†♣
♣.♣♣ ♣@♣ ♣kD♣ ♣♣.♣
♣. ~♣ .~ .. ~.§


You could see a swamp dragon (catching breath) and a swamp drake (catching
breath).

Vanquished Creatures
  Rupert (D)
  Gastronok (D)
  A dire elephant (D)
  Erolcha (D)
  4 death yaks (D)
  2 swamp dragons (D)
  A deep elf pyromancer (D)
  2 black mambas (D)
  2 cane toads (D)
  A rime drake (D)
  A komodo dragon (D)
  8 blink frogs (D)
  A shadow (D)
  3 wandering mushrooms (D)
  A spatial vortex (D)
  2 redbacks (D)
  2 swamp drakes (D)
  5 two-headed ogres (D)
  A water elemental (D)
  A necrophage (D)
  A jelly (D)
  Jessica (D)
  A wizard (D)
  A necromancer (D)
  3 humans (D)
  A kobold demonologist (D)
  A phantom (D)
  3 rats (D)
53 creatures vanquished.

Vanquished Creatures (collateral kills)
  A dire elephant (D)
  2 elephants (D)
3 creatures vanquished.

Grand Total: 56 creatures vanquished

Notes
Turn   | Place    | Note
-------+----------+-------------------------------------------
     0 | D        | sircluck the Troll Berserker began the quest for the Orb.
     0 | D        | Reached XP level 1. HP: 22/22 MP: 0/0
    31 | D        | Noticed Jessica
    47 | D        | Killed Jessica
    47 | D        | Reached ** piety under Trog
    48 | D        | Reached skill level 4 in Unarmed Combat
    48 | D        | Reached XP level 2. HP: 8/32 MP: 1/1
    98 | D        | Reached XP level 3. HP: 34/39 MP: 2/2
   109 | D        | Reached *** piety under Trog
   110 | D        | Reached skill level 5 in Unarmed Combat
   116 | D        | Noticed a water elemental
   121 | D        | Killed a water elemental
   122 | D        | Reached skill level 5 in Fighting
   122 | D        | Reached skill level 5 in Dodging
   122 | D        | Reached skill level 6 in Unarmed Combat
   122 | D        | Reached XP level 4. HP: 50/50 MP: 3/3
   168 | D        | Gained mutation: Your muscles are strong. (Str +4, Int/Dex
                  | -1) [potion of mutation]
   178 | D        | Found a glowing silver altar of Zin.
   178 | D        | Found a glowing golden altar of the Shining One.
   178 | D        | Found a white marble altar of Elyvilon.
   179 | D        | Noticed a deep elf pyromancer
   183 | D        | Noticed a fire elemental
   185 | D        | Killed a deep elf pyromancer
   186 | D        | Reached skill level 9 in Unarmed Combat
   186 | D        | Reached XP level 5. HP: 43/63 MP: 4/4
   186 | D        | Reached XP level 6. HP: 49/72 MP: 5/5
   186 | D        | Reached XP level 7. HP: 54/79 MP: 6/6
   214 | D        | Found a hide-covered altar of Uskayaw.
   214 | D        | Found an iron altar of Okawaru.
   214 | D        | Found a bloodstained altar of Trog.
   214 | D        | Found an ornate altar of the Wu Jian Council.
   214 | D        | Noticed a human
   214 | D        | Noticed a human
   219 | D        | Killed a human
   221 | D        | Killed a human
   221 | D        | Reached **** piety under Trog
   222 | D        | Reached skill level 10 in Unarmed Combat
   273 | D        | Found a basalt altar of Yredelemnul.
   273 | D        | Found a shadowy altar of Dithmenos.
   273 | D        | Found a sacrificial altar of Ru.
   295 | D        | Found a radiant altar of Vehumet.
   295 | D        | Found a shimmering blue altar of Sif Muna.
   295 | D        | Found an ancient bone altar of Kikubaaqudgha.
   299 | D        | Reached ***** piety under Trog
   323 | D        | Noticed a shadow
   324 | D        | Killed a shadow
   325 | D        | Reached XP level 8. HP: 92/92 MP: 7/7
   335 | D        | Found a blossoming altar of Fedhas.
   335 | D        | Found a stormy altar of Qazlal.
   335 | D        | Found a snail-covered altar of Cheibriados.
   335 | D        | Found a burning altar of Makhleb.
   335 | D        | Found a shimmering altar of Xom.
   340 | D        | Found a hazy altar of Hepliaklqana.
   340 | D        | Found an opulent altar of Gozag.
   340 | D        | Found a sparkling altar of Nemelex Xobeh.
   340 | D        | Found a corrupted altar of Lugonu.
   340 | D        | Found a viscous altar of Jiyva.
   347 | D        | Reached skill level 11 in Unarmed Combat
   363 | D        | Received a gift from Trog
   404 | D        | Noticed a two-headed ogre
   409 | D        | Killed a two-headed ogre
   410 | D        | Reached skill level 10 in Fighting
   410 | D        | Reached skill level 10 in Dodging
   444 | D        | Noticed Erolcha
   444 | D        | Noticed a two-headed ogre
   451 | D        | Killed a two-headed ogre
   452 | D        | Reached skill level 12 in Unarmed Combat
   452 | D        | Reached XP level 9. HP: 85/102 MP: 8/8
   455 | D        | Killed Erolcha
   455 | D        | Reached ****** piety under Trog
   456 | D        | Reached skill level 13 in Unarmed Combat
   570 | D        | Noticed a wandering mushroom
   578 | D        | Noticed a wandering mushroom
   580 | D        | Noticed a wandering mushroom
   595 | D        | Killed a wandering mushroom
   608 | D        | Noticed a cane toad
   608 | D        | Noticed a komodo dragon
   608 | D        | Noticed a cane toad
   611 | D        | Killed a cane toad
   613 | D        | Killed a cane toad
   613 | D        | Received a gift from Trog
   614 | D        | Reached XP level 10. HP: 88/115 MP: 9/9
   617 | D        | Reached skill level 14 in Unarmed Combat
   682 | D        | Received a gift from Trog
   703 | D        | Noticed an elephant
   703 | D        | Noticed an elephant
   707 | D        | Noticed a dire elephant
   707 | D        | Killed an elephant
   711 | D        | Noticed a dire elephant
   712 | D        | Killed a dire elephant
   713 | D        | Reached skill level 15 in Unarmed Combat
   714 | D        | Killed a dire elephant
   716 | D        | Killed an elephant
   717 | D        | Noticed Gastronok
   727 | D        | Killed Gastronok
   727 | D        | Received a gift from Trog
   728 | D        | Reached XP level 11. HP: 104/128 MP: 10/10
   728 | D        | Noticed an azure jelly
   730 | D        | Noticed an azure jelly
   730 | D        | Noticed an azure jelly
   745 | D        | Noticed an azure jelly
   748 | D        | Noticed Rupert
   761 | D        | Killed Rupert
   762 | D        | Reached skill level 16 in Unarmed Combat
   807 | D        | Noticed a death yak
   808 | D        | Noticed a death yak
   812 | D        | Noticed a death yak
   813 | D        | Killed a death yak
   814 | D        | Noticed a death yak
   817 | D        | Killed a death yak
   823 | D        | Killed a death yak
   827 | D        | Killed a death yak
   828 | D        | Reached skill level 17 in Unarmed Combat
   831 | D        | Received a gift from Trog
   957 | D        | Reached skill level 15 in Fighting
   971 | D        | Noticed a swamp dragon
   971 | D        | Noticed a swamp dragon
   981 | D        | Killed a swamp dragon
   981 | D        | Received a gift from Trog
   987 | D        | Killed a swamp dragon
   988 | D        | Reached skill level 15 in Dodging
   990 | D        | Noticed a swamp dragon
   998 | D        | Slain by a swamp dragon

Illustrated notes

Levels and vault maps discovered:
D:        dungeon_sprint_mu [sprint_mu_entry_cave, sprint_mu_temple_rooms,
          sprint_mu_d1_spiders, sprint_mu_d2_genie, sprint_mu_d3_branching,
          sprint_mu_orc_legion, sprint_mu_elf_gauntlet, sprint_mu_hive_nellie,
          sprint_mu_lair_fedhas, sprint_mu_vaults_butterflies,
          sprint_mu_slime_circle, sprint_mu_swamp_cave, sprint_mu_shoals_kraken,
          sprint_mu_blade_basic, sprint_mu_crypt_fortress,
          sprint_mu_tomb_spiral, sprint_mu_vestibule_basic,
          sprint_mu_gehenna_hellfire, sprint_mu_dis_giant,
          sprint_mu_tartarus_statrot, sprint_mu_cocytus_islands, sprint_mu_zot1]

Skill      XL: |  1  2  3  4  5  6  7  8  9 10 11 |
---------------+----------------------------------+-----
Fighting       | 3 4 5 7 9 10 11 13 15 | 15.2
Dodging        | 3 4 5 7 9 10 11 13 15 | 15.0
Unarmed Combat | 4 6 9 10 12 13 15 17 | 17.6

Action                     |  1- 3 |  4- 6 |  7- 9 | 10-12 || total
---------------------------+-------+-------+-------+-------++-------
  Melee: Unarmed           |    31 |     6 |    70 |    89 ||   196
         Punch             |     1 |       |     6 |    10 ||    17
 Invoke: Berserk           |     1 |       |     1 |     1 ||     3
         Brothers in Arms  |       |       |       |     2 ||     2
  Evoke: Wand              |     4 |       |       |       ||     4
    Use: Potion            |       |     1 |       |     2 ||     3
 Armour: Animal skin       |    14 |     4 |    22 |    45 ||    85
  Dodge: Dodged            |    10 |     2 |    24 |    41 ||    77

Table legend: (Time is in decaauts)
 A = Elapsed time spent in this place.
 B = Non-inter-level travel time spent in this place.
 C = Inter-level travel time spent in this place.
 D = Time resting spent in this place.
 E = Time spent auto-exploring this place.
 F = Levels seen in this place.
 G = Mean time per level.
                   A        B        C        D        E       F      G
               +--------+--------+--------+--------+--------+-----+--------+
         Total |    981 |    976 |      5 |    383 |    189 |   1 |  981.0 |
       Dungeon |    981 |    976 |      5 |    383 |    189 |   1 |  981.0 |
               +--------+--------+--------+--------+--------+-----+--------+

Top non-repeatable levels by time:
       D: 981 daAuts
